 Dungeon Crawl Stone Soup version 0.32-a0-468-g38b2580584 (webtiles) character file.

Game seed: 11955217730756306256

693 CougarLife the Digger (level 7, -3/36 HPs)
             Began as a Gargoyle Earth Elementalist on Feb 25, 2024.
             Slain by a yak (8 damage)
             ... on level 7 of the Dungeon.
             The game lasted 00:04:29 (2962 turns).

CougarLife the Digger (Gargoyle Earth Elementalist) Turns: 2962, Time: 00:04:30

Health: -3/36      AC: 10    Str: 13    XL:     7   Next: 64%
Magic:  3/14       EV: 11    Int: 22    God:
Gold:   184        SH:  0    Dex: 10    Spells: 11/15 levels left

rFire   . . .        r - +2 battleaxe of Famine {protect, Str+2 Int+4}
rCold   . . .        (shield currently unavailable)
rNeg    + . .        a - +0 robe
rPois   ∞            (no helmet)
rElec   +            (no cloak)
rCorr   .            (no gloves)
SInv    .            (no boots)
Will    .....        (no amulet)
Stlth   ++           i - +4 ring of protection
HPRegen 0.26/turn    (no ring)
MPRegen 0.14/turn

%: no passive effects
@: no status effects
A: sickness immunity, AC +4, negative energy resistance 1, electricity
resistance, torment resistance 1, petrification resistance
a: no special abilities


You were on level 7 of the Dungeon.
You visited 1 branch of the dungeon, and saw 5 of its levels.

You collected 184 gold pieces.

Inventory:

Hand Weapons
 r - the +2 battleaxe of Famine (weapon) {protect, Str+2 Int+4}
   (You found it on level 2 of the Dungeon)

   Str+2:     It affects your strength (+2).
   Int+4:     It affects your intelligence (+4).
Armour
 a - a +0 robe (worn)
Jewellery
 i - a +4 ring of protection (left hand)
Wands
 n - a wand of polymorph (5)
 q - a wand of flame (12)
Scrolls
 c - a scroll of noise
 g - a scroll of amnesia
 j - a scroll of vulnerability
 m - a scroll of immolation
 o - a scroll of fog
 p - a scroll of blinking
 s - a scroll of enchant weapon
Potions
 b - 2 potions of magic
 d - a potion of curing {unknown}
 f - a potion of heal wounds {unknown}
 h - a potion of resistance {unknown}
 k - a potion of mutation {unknown}
 l - a potion of ambrosia {unknown}
 t - 2 potions of attraction {unknown}
 u - a potion of brilliance {unknown}


   Skills:
 - Level 1.5 Dodging
 - Level 2.1 Stealth
 + Level 4.7 Spellcasting
 + Level 5.1 Conjurations
 + Level 6.6 Earth Magic


You had 11 spell levels left.
You knew the following spells:

 Your Spells              Type           Power      Damage    Failure   Level
a - Sandblast             Erth           68%        2d15      1%          1
b - Stone Arrow           Conj/Erth      62%        3d10      2%          3

Your spell library contained the following spells:

 Spells                   Type           Power      Damage    Failure   Level
 Magic Dart               Conj           100%       1d8       1%          1
 Passwall                 Erth           34%        N/A       1%          3
 Brom's Barrelling Bould  Conj/Erth      31%        2d5       10%         4
 Blink                    Tloc           10%        N/A       16%         2
 Call Imp                 Summ           10%        N/A       16%         2
 Petrify                  Alch/Erth      19%        N/A       26%         4
 Malign Gateway           Summ/Tloc      2%         N/A       100%        7
 Summon Horrible Things   Summ           2%         N/A       100%        8


Dungeon Overview and Level Annotations

Branches:
Dungeon (4/15)
 Temple: D:4-7

Altars:

Shops:
D:1 :


Innate Abilities, Weirdness & Mutations

You are immune to sickness and miasma.
Your stone body is resilient. (AC +4)
You are immune to poison.
You resist negative energy. (rN+)
You are resistant to electric shocks. (rElec)
You are resistant to unholy torment.
You are immune to petrification.


Message History

The yak gores you! The yak closely misses you.
The water moccasin hisses angrily.
You barely miss the yak.
The yak is almost dead.
An orc comes into view. It is wielding a +0 falchion.
The yak gores you.
The orc shouts!
You hit the yak but do no damage.
The yak is almost dead.
The yak closely misses you. The yak gores you but does no damage.
You closely miss the yak.
The yak is almost dead.
The yak completely misses you. The yak barely misses you.
You hit the yak but do no damage.
The yak is almost dead.
The yak barely misses you.
You hit the yak.
You kill the yak!
A shadow imp comes into view.
The yak gores you!
Your Conjurations skill increases to level 5!
You completely miss the yak.
The yak is heavily wounded.
The yak gores you!
* * * LOW HITPOINT WARNING * * *
An orc comes into view. It is wielding a +0 flail.
The yak closely misses you.
The orc shouts!
You hit the yak but do no damage.
The yak is heavily wounded.
The yak gores you.
* * * LOW HITPOINT WARNING * * *
You barely miss the yak.
The yak is heavily wounded.
The yak closely misses you. The yak gores you.
* * * LOW HITPOINT WARNING * * *
You barely miss the yak.
The yak is heavily wounded.
The yak misses you. The yak gores you!
You die...

###o#######
.oo{SYY@..#
.ooo#####)#
# #.# #.#
#.# #.# #.#
#.# #.#####


You could see 2 yaks, a water moccasin and 6 orcs.

Vanquished Creatures
  Sigmund (D:3)
  2 yaks (D:7)
  2 wights (D:7)
  Natasha (thrice) (D:2)
  4 gnolls (D:2)
  An adder (D:2)
  A dart slug (D:3)
  A ribbon worm (D:2)
  3 ball pythons
  2 bats (D:1)
  2 endoplasms
  2 giant cockroaches
  2 goblins
  A hobgoblin (D:1)
  6 kobolds
  4 quokkas
  2 frilled lizards
  3 rats
42 creatures vanquished.

Notes
Turn   | Place    | Note
-------+----------+-------------------------------------------
     0 | D:1      | CougarLife the Gargoyle Earth Elementalist began the quest
                  | for the Orb.
     0 | D:1      | Reached XP level 1. HP: 10/10 MP: 3/3
   167 | D:1      | Reached XP level 2. HP: 15/15 MP: 3/5
   195 | D:1      | Found Mugub's Book Shop.
   620 | D:1      | Reached skill level 4 in Earth Magic
  1022 | D:2      | Noticed Natasha
  1026 | D:2      | Killed Natasha
  1027 | D:2      | Reached XP level 3. HP: 4/19 MP: 2/6
  1142 | D:2      | Noticed Natasha
  1146 | D:2      | Killed Natasha
  1147 | D:2      | Reached XP level 4. HP: 24/24 MP: 3/8
  1238 | D:2      | Reached XP level 5. HP: 28/28 MP: 3/9
  1291 | D:2      | Learned a level 3 spell: Stone Arrow
  1399 | D:2      | Identified the +2 battleaxe of Famine {protect, Str+2
                  | Int+4}
  1860 | D:2      | Noticed Natasha
  1864 | D:2      | Killed Natasha
  1865 | D:2      | Reached skill level 5 in Earth Magic
  2092 | D:3      | Noticed Sigmund
  2100 | D:3      | Killed Sigmund
  2101 | D:3      | Reached XP level 6. HP: 32/32 MP: 4/11
  2803 | D:4      | You fall into a shaft and drop 3 floors!
  2945 | D:7      | Noticed a yak
  2946 | D:7      | Noticed a yak
  2948 | D:7      | Noticed a yak
  2949 | D:7      | Noticed a yak
  2950 | D:7      | Killed a yak
  2951 | D:7      | Reached skill level 6 in Earth Magic
  2951 | D:7      | Reached XP level 7. HP: 36/36 MP: 3/13
  2958 | D:7      | Killed a yak
  2959 | D:7      | Reached skill level 5 in Conjurations
  2962 | D:7      | Slain by a yak

Illustrated notes

Levels and vault maps discovered:
D:1:      minmay_arrival_split_and_join, layout_rooms, serial_shops, shop,
          serial_rivers, chequers_serial_rivers_micro_c,
          chequers_serial_rivers_marsh, chequers_serial_rivers_micro_e,
          chequers_serial_rivers_room_a, hangedman_decor_push
D:2:      layout_loops_ring, uniq_natasha
D:3:      layout_basic, uniq_sigmund
D:4:      layout_loops_ring, nicolae_overflow_crystal_walls, serial_undead,
          serial_undead_a, serial_undead_f, serial_undead_a, serial_undead_a,
          uniq_ijyb
D:7:      layout_loops_ring, enter_bailey_5

Skill      XL: |  1  2  3  4  5  6  7 |
---------------+----------------------+-----
Earth Magic    | 4 5 6 |  6.6
Conjurations   | 2 3 4 5 |  5.1
Spellcasting   | 3 4 |  4.7
Dodging        | |  1.5
Stealth        | |  2.1

Action                     |  1- 3 |  4- 6 |  7- 9 || total
---------------------------+-------+-------+-------++-------
  Melee: Unarmed           |     6 |       |       ||     6
         Battleaxe         |       |     3 |    11 ||    14
   Cast: Sandblast         |    26 |    33 |       ||    59
         Stone Arrow       |       |     5 |     1 ||     6
    Use: Scroll            |       |     7 |       ||     7
 Armour: Robe              |    18 |     6 |    10 ||    34
  Dodge: Dodged            |    10 |     7 |     9 ||    26

Table legend: (Time is in decaauts)
 A = Elapsed time spent in this place.
 B = Non-inter-level travel time spent in this place.
 C = Inter-level travel time spent in this place.
 D = Time resting spent in this place.
 E = Time spent auto-exploring this place.
 F = Levels seen in this place.
 G = Mean time per level.
                   A        B        C        D        E       F      G
               +--------+--------+--------+--------+--------+-----+--------+
         Total |   3016 |   2855 |    161 |    353 |   2092 |   5 |  603.2 |
       Dungeon |   3016 |   2855 |    161 |    353 |   2092 |   5 |  603.2 |
               +--------+--------+--------+--------+--------+-----+--------+

Top non-repeatable levels by time:
     D:2: 1119 daAuts
     D:1: 866 daAuts
     D:3: 860 daAuts
     D:7: 169 daAuts
     D:4: 0 daAuts
